 Dungeon Crawl Stone Soup version 0.28.0-53-g5a82cb258f (webtiles) character file.

Game seed: 6181618599914329192

72 DildoBatman the Conjurer (level 4, 0/27 (33) HPs)
             Began as a Formicid Conjurer on July 14, 2022.
             Slain by a sky beast (2 damage)
             ... on level 4 of the Dungeon.
             The game lasted 00:04:12 (1769 turns).

DildoBatman the Conjurer (Formicid Conjurer)        Turns: 1769, Time: 00:04:12

HP:   0/27 (33)     AC:  2    Str: 12    XL:     4   Next: 48%
MP:   5/8           EV: 12    Int: 17    God:
Gold: 19            SH:  0    Dex: 11    Spells: 5/8 levels left

rFire   . . .      SeeInvis +   d - +0 dagger
rCold   . . .      Faith    .   (no shield)
rNeg    . . .      Spirit   .   a - +0 robe
rPois   .          Reflect  .   (helmet unavailable)
rElec   .          Harm     .   (no cloak)
rCorr   .          Rampage  .   (no gloves)
Will    .....                   (no boots)
Stlth   ++........              (no amulet)
HPRegen 0.09/turn               (no ring)
MPRegen 0.11/turn               (no ring)

@: heavily drained
A: permanent stasis, dig shafts and tunnels, antennae 3, four strong arms
a: Dig, Shaft Self


You were on level 4 of the Dungeon.
You visited 1 branch of the dungeon, and saw 3 of its levels.

You collected 19 gold pieces.

Inventory:

Hand Weapons
 d - a +0 dagger (weapon)
Missiles
 e - 61 stones
 i - 22 arrows
Armour
 a - a +0 robe (worn)
Jewellery
 h - a +6 ring of dexterity
Scrolls
 b - 2 scrolls of amnesia {unknown}
 g - a scroll of identify {unknown}
Potions
 c - a potion of curing {unknown}
 f - 2 potions of cancellation {unknown}


   Skills:
 * Level 1.8 Fighting
 * Level 1.7 Armour
 - Level 2.0 Dodging
 - Level 2.4 Stealth
 * Level 2.9 Spellcasting
 * Level 4.0 Conjurations


You had 5 spell levels left.
You knew the following spells:

 Your Spells              Type           Power      Damage    Failure   Level
a - Searing Ray           Conj           32%        2d5       4%          2
c - Magic Dart            Conj           64%        1d6       3%          1

Your spell library contained the following spells:

 Spells                   Type           Power      Damage    Failure   Level
 Dazzling Flash           Conj/Hex       18%        N/A       24%         3
 Fulminant Prism          Conj/Hex       4%         3d6       61%         4
 Iskenderun's Mystic Bla  Conj/Tloc      9%         2d4       61%         4


Dungeon Overview and Level Annotations

Branches:
Dungeon (2/15)

Altars:


Innate Abilities, Weirdness & Mutations

You cannot be hasted, slowed, berserked, paralysed or teleported.
You can dig through walls and to a lower floor.
You have a pair of large antennae on your head. (SInv)
Your four strong arms can wield two-handed weapons with a shield.


Message History

r - Retreat! s - Stop attacking. g - Guard the area. f - Follow me.
Anything else - Cancel.
You shout for attention!
The sky beast hits you but does no damage.
What are your orders? t - Shout!
Orders for allies: a - Attack new target. r - Retreat! s - Stop attacking. g - Guard the area. f - Follow me.
Anything else - Cancel.
You shout for attention!
The sky beast hits you but does no damage.
What are your orders? t - Shout!
Orders for allies: a - Attack new target. r - Retreat! s - Stop attacking. g - Guard the area. f - Follow me.
Anything else - Cancel.
You shout for attention!
The sky beast hits you. The sky beast shocks you.
What are your orders? t - Shout!
Orders for allies: a - Attack new target. r - Retreat! s - Stop attacking. g - Guard the area. f - Follow me.
Anything else - Cancel.
You shout for attention!
The sky beast hits you. The sky beast shocks you.
What are your orders? t - Shout!
Orders for allies: a - Attack new target. r - Retreat! s - Stop attacking. g - Guard the area. f - Follow me.
Anything else - Cancel.
You shout for attention!
The sky beast hits you.
You die...

..#
#.#
#.#
#.#
#.#
#.#
#.#
#@#
#Y#
#h#
#..
###


You could see a sky beast and a hound.

Vanquished Creatures
  Natasha (D:2)
  A dart slug (D:1)
  6 ball pythons (D:1)
  2 bats (D:2)
  7 endoplasms
  2 goblins (D:1)
  3 hobgoblins (D:1)
  4 jackals
  6 kobolds (D:1)
  A quokka (D:1)
  8 frilled lizards (D:1)
  2 rats (D:1)
43 creatures vanquished.

Vanquished Creatures (others)
  9 plants (D:1)
9 creatures vanquished.

Grand Total: 52 creatures vanquished

Notes
Turn   | Place    | Note
-------+----------+-------------------------------------------
     0 | D:1      | DildoBatman the Formicid Conjurer began the quest for the
                  | Orb.
     0 | D:1      | Reached XP level 1. HP: 13/13 MP: 3/3
   165 | D:1      | Reached XP level 2. HP: 16/20 MP: 1/5
   168 | D:1      | Learned a level 2 spell: Searing Ray
   420 | D:1      | Reached skill level 1 in Armour
   420 | D:1      | Reached XP level 3. HP: 10/25 MP: 1/6
   447 | D:1      | Reached skill level 1 in Fighting
  1499 | D:2      | Noticed Natasha
  1754 | D:2      | Killed Natasha
  1755 | D:2      | Reached skill level 4 in Conjurations
  1755 | D:2      | Reached XP level 4. HP: 22/27 MP: 4/8
  1757 | D:2      | You fall into a shaft and drop 2 floors!
  1759 | D:4      | Noticed a sky beast
  1769 | D:4      | Slain by a sky beast

Illustrated notes

Levels and vault maps discovered:
D:1:      nicolae_arrival_somewhat_less_tricky_arrival, layout_basic,
          lexackson_kobold_supper
D:2:      layout_basic, serial_aquarium, aquarium_bridge_square
          [aquarium_subvault_balcony, aquarium_subvault_bridge,
          aquarium_subvault_wall, aquarium_subvault_bridge],
          aquarium_window_corridor_3, aquarium_window_corner, aquarium_view_4,
          aquarium_pool_four, uniq_natasha
D:4:      layout_loops_ring, minmay_ruined_shrine

Skill      XL: |  1  2  3 |
---------------+----------+-----
Dodging        | 2 |  2.0
Armour         | 1 |  1.7
Fighting       | 1 |  1.8
Conjurations   | 4 |  4.0
Stealth        | |  2.4
Spellcasting   | |  2.9

Action                   |  1- 3 |  4- 6 || total
-------------------------+-------+-------++-------
Melee: Unarmed           |     5 |       ||     5
       Dagger            |    50 |       ||    50
 Cast: Magic Dart        |    34 |       ||    34
       Searing Ray       |    10 |       ||    10
 Abil: Dig               |     3 |       ||     3
       Shaft Self        |       |     1 ||     1
 Stab: Sleeping          |     1 |       ||     1
Armor: Robe              |    11 |     3 ||    14
Dodge: Dodged            |    27 |     1 ||    28
